 Dungeon Crawl Stone Soup version 0.31.0-11-ge490571c62 (webtiles) character file.

Game seed: 5019658380689545931

8047 mopl the Cleaver (level 11, 0/95 HPs)
             Began as a Hill Orc Fighter on Feb 10, 2024.
             Was a Priest of Beogh.
             Slain by a warg (12 damage)
             ... on level 1 of the Orcish Mines.
             The game lasted 00:10:01 (8903 turns).

mopl the Cleaver (Hill Orc Fighter)                 Turns: 8903, Time: 00:10:01

Health: 0/95       AC: 16    Str: 24    XL:     11   Next: 24%
Magic:  15/15      EV: 13    Int:  8    God:    Beogh [***...]
Gold:   63         SH:  4    Dex: 10    Spells: 10/10 levels left

rFire   + + .        a - +0 war axe
rCold   + . .        c - +0 buckler
rNeg    . . .        n - +0 plate armour
rPois   .            o - +0 helmet
rElec   .            N - scarf {rC+ rF+}
rCorr   .            i - +0 pair of gloves
SInv    .            (no boots)
Will    .....        h - amulet of faith Stlth
                     j - +5 ring of evasion
HPRegen 0.35/turn    v - ring of protection from fire
MPRegen 0.14/turn

%: faith
@: no status effects
A: no striking features
a: Renounce Religion, Smiting


You were on level 1 of the Orcish Mines.
You worshipped Beogh.
Beogh was most pleased with you.
You visited 2 branches of the dungeon, and saw 11 of its levels.

You collected 437 gold pieces.
You spent 374 gold pieces at shops.

Inventory:

Hand Weapons
 a - a +0 war axe (weapon)
 p - a +2 dagger of electrocution
 C - a +4 vampiric trident
Missiles
 m - 5 curare-tipped darts
 r - 31 poisoned darts (quivered)
 x - 3 boomerangs
 G - 6 silver javelins
Armour
 c - a +0 buckler (worn)
 i - a +0 pair of gloves (worn)
 n - a +0 plate armour (worn)
 o - a +0 helmet (worn)
 N - a scarf of resistance (worn)
Jewellery
 h - an amulet of faith (around neck)
 j - a +5 ring of evasion (left hand)
 v - a ring of protection from fire (right hand)
 H - an amulet of guardian spirit
 L - an amulet of the acrobat
Wands
 A - a wand of iceblast (12)
Scrolls
 b - 2 scrolls of vulnerability
 e - 2 scrolls of amnesia {unknown}
 f - 3 scrolls of immolation {unknown}
 g - 8 scrolls of teleportation
 q - 2 scrolls of revelation {unknown}
 s - a scroll of enchant armour {unknown}
 w - a scroll of fear {unknown}
 y - a scroll of poison {unknown}
 J - a scroll of brand weapon {unknown}
 M - a scroll of fog
 O - a scroll of identify
Potions
 d - 3 potions of might
 k - 5 potions of heal wounds
 l - 2 potions of haste {unknown}
 t - 6 potions of curing {unknown}
 u - 3 potions of attraction {unknown}
 z - a potion of berserk rage
 B - a potion of magic
 D - 2 potions of lignification
 F - 2 potions of resistance
 I - a potion of cancellation
 K - a potion of invisibility


   Skills:
 + Level 8.8 Fighting
 * Level 12.4 Axes
 + Level 5.5 Throwing
 + Level 7.9 Armour
 + Level 5.2 Dodging
 - Level 3.2 Shields
 + Level 5.4 Invocations
 + Level 4.1 Evocations


You had 10 spell levels left.
You didn't know any spells.
Your spell library contained the following spells:

 Spells                   Type           Power      Damage    Failure   Level
 Sandblast                Erth           0%         2d4       100%        1
 Call Imp                 Summ           0%         N/A       100%        2
 Lesser Beckoning         Tloc           0%         N/A       100%        2
 Sublimation of Blood     Necr           0%         N/A       100%        2
 Gell's Gravitas          Tloc           0%         N/A       100%        3
 Passwall                 Erth           0%         N/A       100%        3
 Stone Arrow              Conj/Erth      0%         3d7       100%        3
 Teleport Other           Tloc           0%         N/A       100%        3
 Brom's Barrelling Bould  Conj/Erth      0%         2d3       100%        4
 Summon Hydra             Summ           0%         N/A       100%        7


Dungeon Overview and Level Annotations

Branches:
Dungeon (10/15)            Temple (0/1) D:4             Orc (1/2) D:10
   Lair: D:8-11

Altars:
Ashenzari
Elyvilon
Okawaru
Qazlal
Sif Muna
Trog
Uskayaw
Vehumet
Zin
The Shining One

Shops:
D:9 [?   D:10 *

Annotations:
D:9 3 runed translucent doors, Quoth's ghost, novice DjDe


Message History

You slash the orc warlord!
The orc warlord is almost dead.
You closely miss the warg. You hit the warg but do no damage.
Something hits your orc.
Your orc hits the orc warlord with a +0 dagger.
The orc warlord closely misses your orc.
The orc warlord hits your orc warrior with a +0 battleaxe.
The orc warlord hits you with a +0 battleaxe.
* * * LOW HITPOINT WARNING * * *
Your orc hits the orc warrior with a +0 mace.
Your orc warrior hits the orc warlord but does no damage.
The warg bites you but does no damage. The warg barely misses you.
Unknown command.
Unknown command.
You hit the orc warlord but do no damage.
The orc warlord is almost dead.
You hit the warg but do no damage. x2; The warg barely misses you.
The warg bites you!
* * * LOW HITPOINT WARNING * * *
Your orc hits the orc warlord but does no damage.
The orc warlord hits your orc with a +0 battleaxe!!
Your orc dies!
The orc warlord hits your orc warrior with a +0 battleaxe!
The orc warlord barely misses you.
Your orc hits the orc warrior with a +0 mace.
Your orc warrior hits the orc warlord but does no damage.
The warg bites you!
* * * LOW HITPOINT WARNING * * *
Unknown command.
You hit the orc warlord but do no damage.
The orc warlord is almost dead.
You slash the warg! You hit the warg. You hit the orc but do no damage.
The orc warrior no longer looks unusually strong.
The warg barely misses you. The orc hits you but does no damage.
The orc warlord roars a battlecry!
The orc warrior goes into a battle-frenzy!
Your orc barely misses the orc warrior.
Your orc warrior hits the orc warlord but does no damage.
The warg bites you!
You die...

##### ######## #
#....####.##.#.###..
......#.............
....................
...).)oo><........#
..)).oh@......##.
....o.ho.....##
.#............#
......##.....###
.#..##.#.......#...
..###...............
. ........)........
.......)....#....
................#


You could see an orc warlord (ally target), 2 wargs, an orc warrior (strong), an
orc (strong), a friendly orc warrior and a friendly orc.

Vanquished Creatures
  Erolcha (D:10)
  A two-headed ogre (Orc:1)
  A kobold blastminer (Orc:1)
  A kobold demonologist (D:10)
  Jeremiah (D:8)
  A hornet (D:7)
  9 yaks
  Sigmund (D:2)
  2 wyverns
  A steam dragon (D:7)
  2 acid dragons (D:9)
  2 water moccasins
  3 orc warriors (D:9)
  2 black bears
  2 sky beasts
  An ogre (D:6)
  3 phantoms
  2 kobold brigands
  4 bullfrogs
  4 scorpions
  7 wights
  10 killer bees
  4 howler monkeys
  A bombardier beetle (D:5)
  A crimson imp (D:4)
  2 hounds (D:5)
  2 jellies
  2 orc priests (D:9)
  2 sleepcaps
  3 gnoll boudas (D:7)
  5 iguanas
  4 orc wizards
  Robin (D:2)
  17 gnolls
  6 adders
  4 shadow imps
  2 white imps
  20 orcs
  5 ball pythons
  6 endoplasms
  3 giant cockroaches
  19 goblins
  8 hobgoblins
  5 jackals
  10 kobolds
  8 quokkas
  8 bats
  4 frilled lizards
  A goblin skeleton (D:4)
  3 goblin zombies (D:4)
  2 hobgoblin zombies (D:4)
  A kobold skeleton (D:4)
  2 kobold zombies (D:4)
  2 orc skeletons (D:4)
  2 orc zombies (D:4)
  6 rats
232 creatures vanquished.

Vanquished Creatures (collateral kills)
  An ogre (Orc:1)
  An orc priest (Orc:1)
2 creatures vanquished.

Vanquished Creatures (others)
  2 orc warriors (Orc:1)
  4 orcs
6 creatures vanquished.

Grand Total: 240 creatures vanquished

Notes
Turn   | Place    | Note
-------+----------+-------------------------------------------
     0 | D:1      | mopl the Hill Orc Fighter began the quest for the Orb.
     0 | D:1      | Reached XP level 1. HP: 19/19 MP: 1/1
   144 | D:1      | Reached skill level 3 in Axes
   176 | D:1      | Reached XP level 2. HP: 26/27 MP: 2/2
   378 | D:1      | Reached XP level 3. HP: 33/33 MP: 3/3
   765 | D:2      | Reached skill level 4 in Axes
   765 | D:2      | Reached skill level 1 in Dodging
   765 | D:2      | Reached XP level 4. HP: 34/40 MP: 4/4
   913 | D:2      | Noticed Sigmund
   935 | D:2      | Killed Sigmund
   936 | D:2      | Reached skill level 5 in Axes
   936 | D:2      | Reached XP level 5. HP: 20/47 MP: 5/5
   936 | D:2      | Reached XP level 6. HP: 24/55 MP: 6/6
  1112 | D:2      | Found a faded altar of an unknown god.
  1487 | D:2      | Noticed Robin
  1522 | D:2      | Killed Robin
  1838 | D:3      | Reached skill level 5 in Fighting
  2631 | D:4      | Reached skill level 6 in Axes
  2634 | D:4      | Reached skill level 1 in Throwing
  2634 | D:4      | Reached XP level 7. HP: 52/61 MP: 7/7
  2882 | D:4      | Found a glowing golden altar of the Shining One.
  2906 | D:4      | Reached skill level 7 in Axes
  3054 | D:4      | Found a staircase to the Ecumenical Temple.
  3209 | D:5      | Entered Level 5 of the Dungeon
  3248 | D:5      | Reached skill level 5 in Armour
  3259 | D:5      | Reached XP level 8. HP: 61/70 MP: 8/8
  3398 | D:5      | Reached skill level 8 in Axes
  3629 | D:5      | Found a radiant altar of Vehumet.
  3629 | D:5      | Found a stormy altar of Qazlal.
  3636 | D:5      | Found a glowing silver altar of Zin.
  3638 | D:5      | Found a hide-covered altar of Uskayaw.
  3639 | D:5      | Found a shimmering blue altar of Sif Muna.
  3644 | D:5      | Found a white marble altar of Elyvilon.
  3646 | D:5      | Found a broken altar of Ashenzari.
  3861 | D:6      | Became a worshipper of Beogh the Brigand
  3907 | D:6      | Reached skill level 9 in Axes
  3934 | D:6      | Reached XP level 9. HP: 48/78 MP: 9/9
  4478 | D:7      | Reached * piety under Beogh
  4485 | D:7      | Reached skill level 1 in Invocations
  4572 | D:7      | Reached skill level 1 in Evocations
  4666 | D:7      | Noticed a hornet
  4676 | D:7      | Killed a hornet
  4677 | D:7      | Reached skill level 10 in Axes
  5218 | D:8      | Noticed Jeremiah
  5240 | D:8      | Killed Jeremiah
  5578 | D:8      | Reached XP level 10. HP: 76/86 MP: 12/12
  5961 | D:8      | Found a bloodstained altar of Trog.
  6316 | D:9      | Reached ** piety under Beogh
  6345 | D:9      | Reached skill level 11 in Axes
  6345 | D:9      | Found Uluw's Magic Scroll Shoppe.
  6543 | D:9      | Bought a scroll of fog for 56 gold pieces
  6543 | D:9      | Bought a scroll of identify for 28 gold pieces
  6543 | D:9      | Bought a scroll of teleportation for 42 gold pieces
  6543 | D:9      | Bought a scroll of noise for 14 gold pieces
  6543 | D:9      | Bought a scroll of vulnerability for 56 gold pieces
  6543 | D:9      | Bought a scroll of teleportation for 42 gold pieces
  6543 | D:9      | Bought a scroll of identify for 28 gold pieces
  6543 | D:9      | Bought a scroll of teleportation for 42 gold pieces
  6585 | D:9      | Found a runed translucent gate.
  6586 | D:9      | Found a runed translucent gate.
  6587 | D:9      | Found a runed translucent gate.
  6587 | D:9      | Noticed Quoth's ghost (novice DjDe)
  6983 | D:9      | Found Uraotyl's Antique Armour Emporium.
  7292 | D:9      | Reached skill level 5 in Throwing
  7307 | D:9      | Reached *** piety under Beogh
  7768 | D:10     | Entered Level 10 of the Dungeon
  8091 | D:10     | Found a staircase to the Orcish Mines.
  8276 | D:10     | Found Behyodod's Assorted Antiques.
  8283 | D:10     | Bought a scroll labelled DOEKHU AROFI for 33 gold pieces
  8283 | D:10     | Bought a scroll labelled YRUONIBBUTOCH for 33 gold pieces
  8289 | D:10     | Noticed Erolcha
  8314 | D:10     | Killed Erolcha
  8315 | D:10     | Reached skill level 12 in Axes
  8315 | D:10     | Reached skill level 5 in Dodging
  8315 | D:10     | Reached skill level 5 in Invocations
  8315 | D:10     | Reached XP level 11. HP: 55/95 MP: 14/14
  8365 | D:10     | Noticed a soul eater
  8828 | D:10     | Found an iron altar of Okawaru.
  8859 | Orc:1    | Entered Level 1 of the Orcish Mines
  8863 | Orc:1    | Noticed a two-headed ogre
  8877 | Orc:1    | Killed a two-headed ogre
  8883 | Orc:1    | Noticed an orc warlord
  8903 | Orc:1    | Slain by a warg

Illustrated notes

Levels and vault maps discovered:
D:1:      amcnicky_arrival_underground_garden, layout_basic
D:2:      layout_loops_ring, shapermc_ecumenical_altar_petra, uniq_sigmund,
          uniq_robin
D:3:      layout_basic, minmay_misc_feat_four_crosses, kennysheep_cross_room,
          nrook_mini_vaults
D:4:      layout_rooms, nicolae_tso_besieged_by_evil,
          minmay_temple_entry_antechambers
D:5:      layout_basic, nicolae_overflow_hallway_of_the_gods
D:6:      layout_loops_cross, serial_park_tiny_2
D:7:      layout_gridville, st_stairs_10, chequers_arboretum
D:8:      layout_basic, general_overflow_altar, serial_co_window_serial,
          co_window_paths_b, co_window_of_opportunity_a, co_window_paths_b,
          co_window_paths_b, co_window_corner_a, co_window_corner_a,
          co_window_corner_a, co_window_corner_ca, co_window_cross_2,
          co_window_broadway_a, co_window_of_opportunity_c,
          co_window_unsneaky_path_b, glass_columns_b, glass_columns_a,
          glass_columns_b, glass_columns_c, uniq_jeremiah
D:9:      layout_long_grid, ebering_ghost_rock_garden, serial_shops, shop, shop
D:10:     layout_basic, kennysheep_mini_moat, serial_shops, shop, uniq_erolcha
Orc:1:    layout_caves, basic_altar, guppyfry_orc_lava_fort

Skill      XL: |  1  2  3  4  5  6  7  8  9 10 11 |
---------------+----------------------------------+-----
Axes           | 3 4 5 6 7 9 10 12 | 12.4
Fighting       | 4 5 6 7 8 |  8.8
Dodging        | 1 2 3 4 5 |  5.2
Armour         | 4 5 6 7 |  7.9
Throwing       | 1 2 3 4 5 |  5.5
Invocations    | 2 5 |  5.4
Evocations     | 2 3 4 |  4.1
Shields        | |  3.2

Action                     |  1- 3 |  4- 6 |  7- 9 | 10-12 || total
---------------------------+-------+-------+-------+-------++-------
  Melee: War axe           |    84 |   166 |   406 |   300 ||   956
  Throw: Dart              |       |       |     2 |     4 ||     6
 Invoke: Convert to Beogh  |       |       |     1 |       ||     1
  Evoke: Wand              |       |       |     1 |     1 ||     2
    Use: Scroll            |       |       |       |     7 ||     7
   Stab: Paralysed         |       |       |       |     7 ||     7
 Armour: Scale mail        |    59 |    34 |       |       ||    93
         Plate armour      |       |   103 |   290 |   195 ||   588
  Dodge: Dodged            |    37 |   110 |   201 |   169 ||   517
  Block: Buckler           |    18 |    42 |    74 |    56 ||   190
